 Dungeon Crawl Stone Soup version 0.21.1-1-g345015f (webtiles) character file.

205 inc the Shield-Bearer (level 5, -1/31 HPs)
             Began as an Octopode Conjurer on Mar 16, 2018.
             Slain by an iguana (10 damage)
             ... on level 4 of the Dungeon.
             The game lasted 00:06:41 (3285 turns).

inc the Shield-Bearer (Octopode Conjurer)           Turns: 3285, Time: 00:06:41

Health: -1/31      AC:  1    Str:  8    XL:     5   Next: 83%
Magic:  0/8        EV: 11    Int: 18    God:
Gold:   170        SH:  8    Dex: 12    Spells: 7/8 levels left

rFire    . . .     SeeInvis .   (no weapon)
rCold    . . .     Gourm    .   c - +0 shield
rNeg     . . .     Faith    .   (helmet restricted)
rPois    .         Spirit   .   (no amulet)
rElec    .         Reflect  .   (no ring)
rCorr    .         Harm     .   (no ring)
MR       .....                  (no ring)
Stlth    +++.......             (no ring)
HPRegen  0.10/turn              (no ring)
MPRegen  0.11/turn              (no ring)
                                (no ring)
                                (no ring)

@: very slightly contaminated
A: almost no armour, stealthy swim, amphibious, 8 rings, constrict 8, camouflage
1, gelatinous body 1
a: no special abilities


You were on level 4 of the Dungeon.
You were not hungry.

You visited 1 branch of the dungeon, and saw 4 of its levels.

You collected 170 gold pieces.

Inventory:

Armour
 c - a +0 shield (worn)
Jewellery
 f - an uncursed ring of protection from cold {unknown}
 o - a cursed ring of loudness {unknown}
Wands
 h - a wand of disintegration (18)
 n - a wand of iceblast (8)
Scrolls
 d - 2 scrolls of teleportation {unknown}
 e - 4 scrolls of identify {unknown}
 j - a scroll of magic mapping {unknown}
 k - a scroll of blinking {unknown}
 p - 2 scrolls of enchant armour {unknown}
 r - a scroll of immolation {unknown}
Potions
 g - a potion of flight {unknown}
 i - a potion of curing {unknown}
 l - a potion of mutation {unknown}
 m - a potion of resistance {unknown}
Books
 a - a book of Conjurations

   Spells                             Type                      Level
   a - Magic Dart                     Conjuration                  1
   b - Searing Ray                    Conjuration                  2
   c - Dazzling Spray                 Conjuration/Hexes            3
   d - Fulminant Prism                Conjuration/Hexes            4
   e - Force Lance                    Conjuration/Translocation    4
   f - Iskenderun's Mystic Blast      Conjuration                  4
Comestibles
 b - 2 rations
 q - a chunk of flesh


   Skills:
 - Level 2.0 Dodging
 - Level 2.6 Stealth
 + Level 5.3 Shields
 - Level 2.1 Spellcasting
 - Level 4.0 Conjurations


You had 7 spell levels left.
You knew the following spells:

 Your Spells              Type           Power        Failure   Level  Hunger
a - Magic Dart            Conj           ###.         12%         1    #......


Dungeon Overview and Level Annotations

Branches:
Dungeon (4/15)
 Temple: D:4-7

Altars:


Innate Abilities, Weirdness & Mutations

You cannot wear most types of armour.
You are very stealthy in the water. (Stealth+)
You are amphibious.
You can wear up to eight rings at the same time.
You can use your tentacles to constrict eight enemies at once.
Your skin changes colour to match your surroundings (Stealth+).
Your rubbery body absorbs attacks. (AC +1, EV +1)


Message History

Press: ? - help, Shift-Dir - straight line, f/p - iguana
Aim: an iguana (heavily wounded)
The magic dart hits the iguana.
The iguana is heavily wounded.
The iguana closely misses you.
Casting: Magic Dart
Confirm with . or Enter, or press ? or * to list all spells.
Aiming: Magic Dart
Press: ? - help, Shift-Dir - straight line, f/p - iguana
Aim: an iguana (heavily wounded)
You miscast Magic Dart.
Your skin tingles.
The iguana bites you!
* * * LOW HITPOINT WARNING * * *
Casting: Magic Dart
Confirm with . or Enter, or press ? or * to list all spells.
You don't have enough magic to cast that spell.
Unknown command.
You tentacle-slap the iguana. You grab the iguana.
The iguana is heavily wounded.
You constrict the iguana. The iguana bites you!
You die...

#.................
#.############.###
#.# ##.### #.#
####..... #.#
#.....### #.#
#.###.### #.# #
#.... #.# #####
#@# #l# #.# #.#
#.# #........#
#............
#.<##.....#### #.
#.....#


You could see an iguana.

Vanquished Creatures
  An orc wizard (D:3)
  An orc priest (D:3)
  Terence (D:3)
  4 adders
  An ooze (D:2)
  2 worms (D:3)
  A leopard gecko (D:3)
  4 orcs
  4 ball pythons (D:1)
  7 giant cockroaches
  7 goblins
  4 hobgoblins
  8 jackals
  4 bats
  2 frilled lizards
  11 kobolds
  6 rats
68 creatures vanquished.

Notes
Turn   | Place    | Note
-------+----------+-------------------------------------------
     0 | D:1      | inc the Octopode Conjurer began the quest for the Orb.
     0 | D:1      | Reached XP level 1. HP: 11/11 MP: 3/3
    98 | D:1      | Reached skill level 1 in Shields
   186 | D:1      | Reached XP level 2. HP: 14/17 MP: 1/5
   474 | D:1      | Reached skill level 2 in Shields
   713 | D:1      | Reached XP level 3. HP: 21/21 MP: 2/6
  1339 | D:2      | Reached skill level 3 in Shields
  1376 | D:2      | Reached XP level 4. HP: 17/27 MP: 2/7
  1763 | D:3      | Reached skill level 4 in Shields
  2033 | D:3      | Reached XP level 5. HP: 30/31 MP: 0/8
  2681 | D:3      | Noticed Terence
  2695 | D:3      | Killed Terence
  2695 | D:3      | Reached skill level 5 in Shields
  3285 | D:4      | Slain by an iguana

Skill      XL: |  1  2  3  4  5 |
---------------+----------------+-----
Shields        | 1 2 3 4 5 |  5.3
Dodging        | |  2.0
Stealth        | |  2.6
Spellcasting   | |  2.1
Conjurations   | |  4.0

Action                   |  1- 3 |  4- 6 || total
-------------------------+-------+-------++-------
Melee: Unarmed           |    31 |    41 ||    72
       Constrict         |    10 |    10 ||    20
       Tentacles         |     7 |     4 ||    11
 Cast: Magic Dart        |    67 |    89 ||   156
 Stab: Sleeping          |     1 |     1 ||     2
  Eat: Chunk             |     2 |     7 ||     9
Armor: Skin              |     3 |     9 ||    12
Dodge: Dodged            |    29 |    31 ||    60
Block: Shield            |    11 |    26 ||    37
